Cogmind - Beta 13 @@@ ROGUE MODE // 2024.05.22 @ 13:42:54 Player: Kooltone Result: Destroyed by Y-54 Guardian with Flak Gun Performance ------------- Evolutions (3) 1500 Regions Visited (5) 1000 Robots Destroyed (25) 125 Value Destroyed (464) 464 Prototype IDs (3) 60 Alien Tech Used (0) 0 Bonus (0) 0 TOTAL SCORE: 3149 Bonus ------- None Cogmind --------- Core Integrity 0/700 Matter 200/300 Energy 54/100 System Corruption 0% Temperature Cool (12) Movement Core (350) Ox6 Location -7/Factory Parts ------- > --- POWER (2) -------- (None) > --- PROPULSION (4) --- (None) > --- UTILITY (5) ------ Medium Storage Unit Medium Storage Unit > --- WEAPON (2) ------- (None) > --- INVENTORY (10) --- Large Storage Unit Machine Analyzer Matter Filter Matter Filter Peak State ------------ > --- POWER ------------ Micro Nuclear Core > --- PROPULSION ------- Improved Treads Medium Treads > --- UTILITY ---------- Medium Storage Unit Compact Battery Advanced Weight Redist. System Experimental Sensor Array Core Analyzer > --- WEAPON ----------- Heavy Laser Gauss Cannon > --- INVENTORY -------- Medium Storage Unit Large Storage Unit Machine Analyzer Matter Filter Matter Filter Mining Laser [Rating: 39] Favorites ----------- Power Ion Engine Engine Ion Engine Power Core Micro Nuclear Core Propulsion Aluminum Leg Treads Medium Treads Leg Aluminum Leg Wheel Wheel Utility Medium Storage Unit Device Improved Terrain Scanner Storage Medium Storage Unit Processor Core Analyzer Weapon Heavy Assault Rifle Energy Gun Small Laser Ballistic Gun Heavy Assault Rifle Ballistic Cannon Gauss Cannon Special Weapon Mining Laser Build | -11 -10 -9 -9 -8 -7 ------- Run | Yrd Mat Mat Min Mat Fac Slots Evolved 6 | . . 2 . 2 2 Power 1 | . . . . 1 . Propulsion 2 | . . 1 . . 1 Utility 3 | . . 1 . 1 1 Weapon . | . . . . . . Parts Attached 49 | 10 7 9 3 7 13 Power 8 | 1 1 1 . 3 2 Engine 7 | 1 1 1 . 3 1 Core 1 | . . . . . 1 Reactor . | . . . . . . Propulsion 13 | 4 1 4 . 1 3 Treads 2 | . . . . . 2 Leg 8 | 2 1 4 . 1 . Wheel 3 | 2 . . . . 1 Hover . | . . . . . . Flight . | . . . . . . Utility 17 | 3 3 3 2 2 4 Device 10 | 2 . 3 2 2 1 Storage 6 | 1 3 . . . 2 Processor 1 | . . . . . 1 Hackware . | . . . . . . Protection . | . . . . . . Artifact . | . . . . . . Weapon 11 | 2 2 1 1 1 4 Energy Gun 5 | 1 1 . 1 1 1 Energy Cannon . | . . . . . . Ballistic Gun 3 | 1 1 1 . . . Ballistic Cannon 1 | . . . . . 1 Launcher . | . . . . . . Special Weapon 2 | . . . . . 2 Impact Weapon . | . . . . . . Slashing Weapon . | . . . . . . Piercing Weapon . | . . . . . . Special Melee Weapon . | . . . . . . Unidentified Prototypes 1 | . . . 1 . . Parts Lost 28 | . . 3 . 9 16 Power 6 | . . . . 3 3 Propulsion 7 | . . . . 3 4 Utility 9 | . . 2 . 2 5 Weapon 6 | . . 1 . 1 4 Highest Loss Streak 13 | . . 2 . 9 13 To Critical Strikes . | . . . . . . Average Slot Usage (%) 92 | . 100 92 98 97 71 Engine 12 | . 14 11 11 17 11 Leg 24 | . 28 33 33 26 4 Wheel 1 | . . . . . 6 Device 19 | . 14 17 20 26 22 Storage 10 | . 14 11 11 9 9 Energy Gun 8 | . 14 2 10 9 5 Ballistic Gun 9 | . 14 17 11 8 . Naked Turns . | . . . . . . Heaviest Build 35 | 14 29 21 21 28 35 Greatest Support 60 | 20 20 30 30 30 60 Greatest Overweight (x) 6 | 1 1 . . 1 6 Average Overweight (x) . | . . . . . . Largest Inventory Capacity 15 | 8 15 10 10 10 10 Average Capacity 10 | 7 11 10 10 10 10 Most Carried 15 | 8 15 10 10 10 10 Average Carried 8 | 6 10 9 9 8 6 Final Capacity 10 | 8 10 10 10 10 10 Final Carried 10 | 8 10 10 10 6 4 Class Distribution -------------------- 50% | Mutant 49% | Scavenger-Mutant Dominant Class ---------------- Mutant | -10/Materials Scavenger-Mutant | -9/Materials Scavenger-Mutant | -9/Mines Scavenger-Mutant | -8/Materials Mutant | -7/Factory Resources | -11 -10 -9 -9 -8 -7 ----------- Run | Yrd Mat Mat Min Mat Fac Matter Collected 585 | 300 80 157 48 . . Remotely . | . . . . . . Salvage Created 713 | 157 139 305 58 . 54 Parts 64 | 8 8 32 7 . 9 Haulers Intercepted . | . . . . . . Recyclers Shooed 1 | . . . 1 . . Parts Field Recycled . | . . . . . . Retrieved Matter . | . . . . . . Parts Self-Destructed . | . . . . . . Prevented . | . . . . . . Kills | -11 -10 -9 -9 -8 -7 ------- Run | Yrd Mat Mat Min Mat Fac Combat Hostiles Destroyed 14 | . 5 8 . . 1 Guns 13 | . 5 8 . . . Cannons 1 | . . . . . 1 Classes Destroyed 10 | 2 3 3 . . 2 Worker 4 | . 1 1 2 . . Builder 1 | . . . . . 1 Tunneler 4 | 3 . . 1 . . Recycler 1 | 1 . . . . . Watcher 1 | . . 1 . . . Swarmer 6 | . 3 3 . . . Grunt 5 | . 2 3 . . . Duelist 1 | . . 1 . . . Sentry 1 | . . 1 . . . Programmer 1 | . . . . . 1 Best Kill Streak 4 | 3 3 4 2 . 1 Combat Bots Only 3 | . 3 3 . . 1 Max Kills in Single Turn 2 | 1 2 1 1 . 1 Gunslinging 1 | . 1 . . . . Exploded . | . . . . . . Melee . | . . . . . . Uniques/NPCs Destroyed . | . . . . . . Combat | -11 -10 -9 -9 -8 -7 -------- Run | Yrd Mat Mat Min Mat Fac Hostile Shots Fired 553 | . 24 59 . 75 395 Missed 192 | . 4 13 . 32 143 Damage Taken 3446 | . 273 662 . 609 1902 Core 1021 | . 43 172 . 101 705 Absorbed by Shields . | . . . . . . Core Remaining (%) 80 | 100 82 . 57 81 . Volleys Fired 66 | 16 10 28 6 1 5 Largest 2 | 1 2 2 2 2 2 Hottest 117 | 50 70 60 63 63 117 Shots Fired 111 | 16 20 56 9 2 8 Gun 106 | 16 20 56 9 2 3 Cannon 5 | . . . . . 5 Launcher . | . . . . . . Special . | . . . . . . Kinetic 66 | . 10 44 6 1 5 Thermal 45 | 16 10 12 3 1 3 Explosive . | . . . . . . Electromagnetic . | . . . . . . Robot Hit Streak 16 | 3 4 16 7 1 2 Robot Miss Streak 3 | 3 2 1 2 1 1 Penetration Max . | . . . . . . Secondary Targets 3 | . 1 2 . . . Max Gunslinging Chain 1 | . 1 1 . . . Shots Hit Robots 73 | 9 12 41 5 1 5 Core Hits 42 | 5 9 20 3 1 4 Critical Kills . | . . . . . . Critical Parts Destroyed . | . . . . . . Critical Strikes . | . . . . . . Melee Attacks . | . . . . . . Impact . | . . . . . . Slashing . | . . . . . . Piercing . | . . . . . . Sneak Attacks . | . . . . . . Combat Hostiles . | . . . . . . Follow-up Attacks . | . . . . . . Damage Inflicted 936 | 113 167 421 69 25 141 Guns 822 | 113 149 419 69 17 55 Cannons 86 | . . . . . 86 Explosions . | . . . . . . Melee . | . . . . . . Ramming 28 | . 18 2 . 8 . Kinetic 552 | . 49 342 58 17 86 Thermal 356 | 113 100 77 11 . 55 Explosive . | . . . . . . Electromagnetic . | . . . . . . Impact . | . . . . . . Slashing . | . . . . . . Piercing . | . . . . . . Highest Corruption 4 | . . . . 4 . Average Corruption 3 | . . . . 3 . Corruption Purged . | . . . . . . Corruption Blocked . | . . . . . . Effects 4 | . . . . 4 . Message Errors 2 | . . . . 2 . Heat Flow Errors 2 | . . . . 2 . Overload Shots . | . . . . . . Overflow Damage . | . . . . . . Projectiles . | . . . . . . Explosions . | . . . . . . Melee . | . . . . . . Knockbacks . | . . . . . . Impact . | . . . . . . Kinetic . | . . . . . . Secondary . | . . . . . . Self-Inflicted Damage . | . . . . . . Shots . | . . . . . . Rammed . | . . . . . . Targets Rammed 6 | . 3 1 . 2 . Kicked 6 | . 3 1 . 2 . Crushed . | . . . . . . Highest Temperature 175 | 60 175 28 . 128 171 Average Temperature 44 | 21 73 10 . 62 82 Received Heat Transfer 912 | . 87 141 . 162 522 Siege Activations . | . . . . . . Robots Corrupted . | . . . . . . Combat Hostiles . | . . . . . . Parts Fried . | . . . . . . Impact Corruptions . | . . . . . . Robots Melted . | . . . . . . Combat Hostiles . | . . . . . . Parts Melted . | . . . . . . Heat Transferred 940 | 333 296 175 25 . 111 Parts Sabotaged . | . . . . . . Parts Stolen . | . . . . . . Parts Stripped . | . . . . . . Power Chain Reactions . | . . . . . . Alert | -11 -10 -9 -9 -8 -7 ------- Run | Yrd Mat Mat Min Mat Fac Peak Influence 284 | 20 148 284 140 40 31 Initial 110 | . 13 22 110 . . Average 61 | 6 64 170 89 12 13 Maximum Alert Level 1 | . . 1 . . . Low Security (%) 96 | 100 100 75 100 100 100 Level 1 3 | . . 24 . . . Level 2 . | . . . . . . Level 3 . | . . . . . . Level 4 . | . . . . . . Level 5 . | . . . . . . High Security . | . . . . . . Max Security . | . . . . . . Squads Dispatched 2 | . 1 . . . 1 Investigation . | . . . . . . Extermination 1 | . . . . . 1 Reinforcement 1 | . 1 . . . . Assault . | . . . . . . Garrison . | . . . . . . Intercept . | . . . . . . Searches Triggered . | . . . . . . Construction Impeded . | . . . . . . Haulers Reinforced . | . . . . . . Active Scanning Responses . | . . . . . . Cargo Convoy Interrupts . | . . . . . . Stealth | -11 -10 -9 -9 -8 -7 --------- Run | Yrd Mat Mat Min Mat Fac Distress Signals 4 | . 1 3 . . . Communications Jammed . | . . . . . . Distress Signals . | . . . . . . Times Spotted 44 | . 10 18 . 11 5 Peak Tracking Total 8 | . 4 7 . 8 4 Tactical Retreats 5 | . 1 3 . 1 . Traps | -11 -10 -9 -9 -8 -7 ------- Run | Yrd Mat Mat Min Mat Fac Traps Triggered 3 | . 1 . . 2 . Indirectly . | . . . . . . Trap Hack Attempts . | . . . . . . Triggered . | . . . . . . Disarmed . | . . . . . . Reprogrammed . | . . . . . . Reused . | . . . . . . Traps Extracted . | . . . . . . Installed . | . . . . . . Triggered . | . . . . . . Machines | -11 -10 -9 -9 -8 -7 ---------- Run | Yrd Mat Mat Min Mat Fac Machines Disabled 1 | . . . 1 . . Max in Single Turn 1 | . . . 1 . . Machines Repaired . | . . . . . . Machines Dismantled . | . . . . . . Machines Sabotaged . | . . . . . . Overloaded Fab Kills . | . . . . . . Hacking | -11 -10 -9 -9 -8 -7 --------- Run | Yrd Mat Mat Min Mat Fac Machines Accessed 8 | . 2 1 1 . 4 Terminals 7 | . 2 1 1 . 3 Fabricators 1 | . . . . . 1 Repair Stations . | . . . . . . Recycling Units . | . . . . . . Scanalyzers . | . . . . . . Garrison Access . | . . . . . . Total Hacks 8 | . 2 1 1 . 4 Successful 3 | . 1 . . . 2 Failed 5 | . 1 1 1 . 2 Catastrophic 1 | . . 1 . . . Database Lockouts . | . . . . . . Manual 1 | . . . 1 . . Terminals 7 | . 2 1 1 . 3 Fabricators 1 | . . . . . 1 Repair Stations . | . . . . . . Recycling Units . | . . . . . . Scanalyzers . | . . . . . . Garrison Access . | . . . . . . Terminal Hacks 2 | . 1 . . . 1 Prototype ID Bank 1 | . 1 . . . . Zone Layout 1 | . . . . . 1 Fabricator Hacks 1 | . . . . . 1 Network Status 1 | . . . . . 1 Repair Station Hacks . | . . . . . . Recycling Unit Hacks . | . . . . . . Scanalyzer . | . . . . . . Garrison Access Hacks . | . . . . . . Unauthorized Hacks . | . . . . . . Terminals . | . . . . . . Fabricators . | . . . . . . Repair Stations . | . . . . . . Recycling Units . | . . . . . . Scanalyzers . | . . . . . . Garrison Access . | . . . . . . Data Cores Recovered . | . . . . . . Used . | . . . . . . Hacking Detections 6 | . 1 . 1 . 4 Full Trace Events . | . . . . . . Feedback Events . | . . . . . . Feedback Blocked . | . . . . . . Robot Schematics Acquired . | . . . . . . Robots Built . | . . . . . . Authchips . | . . . . . . Time . | . . . . . . Total Robot Build Rating . | . . . . . . Part Schematics Acquired . | . . . . . . Parts Built . | . . . . . . Authchips . | . . . . . . Time . | . . . . . . Total Part Build Rating . | . . . . . . Parts Repaired . | . . . . . . Time . | . . . . . . Parts Recycled . | . . . . . . Recycled Matter . | . . . . . . Retrieved Matter . | . . . . . . Retrieved Components . | . . . . . . Parts Scanalyzed . | . . . . . . Part Schematics Acquired . | . . . . . . Parts Damaged . | . . . . . . Bothacking | -11 -10 -9 -9 -8 -7 ------------ Run | Yrd Mat Mat Min Mat Fac Used RIF Installer . | . . . . . . Robots Hacked . | . . . . . . Non-combat . | . . . . . . Combat . | . . . . . . Robot Hacks Applied . | . . . . . . Relay Couplers Released . | . . . . . . Fabnet Peak Effective % . | . . . . . . Robots Rewired . | . . . . . . Allies Hacked . | . . . . . . Hacks Repelled . | . . . . . . Allies | -11 -10 -9 -9 -8 -7 -------- Run | Yrd Mat Mat Min Mat Fac Total Allies . | . . . . . . Largest Group . | . . . . . . Highest-Rated Group . | . . . . . . Highest-Rated Ally . | . . . . . . Total Orders . | . . . . . . Ally Attacks . | . . . . . . Total Damage . | . . . . . . Kills . | . . . . . . Allies Corrupted . | . . . . . . Allies Melted . | . . . . . . Intel | -11 -10 -9 -9 -8 -7 ------- Run | Yrd Mat Mat Min Mat Fac Robot Analysis Total . | . . . . . . Derelict Logs Recovered . | . . . . . . Drone Launches . | . . . . . . Drone Recoveries . | . . . . . . Exploration | -11 -10 -9 -9 -8 -7 ------------- Run | Yrd Mat Mat Min Mat Fac Turns Passed 2558 | 178 533 340 577 423 507 Spaces Moved 1600 | 113 278 182 347 254 426 Core 9 | 4 . . . . 5 Treads 4 | . . . . . 4 Legs 1136 | 75 278 182 347 254 . Wheels 451 | 34 . . . . 417 Hover . | . . . . . . Flight . | . . . . . . Fastest Speed 50 | 50 120 120 120 120 80 Average Speed 115 | 106 132 120 120 120 97 Slowest Speed 350 | 120 190 120 120 190 350 Overloaded Moves . | . . . . . . Propulsion Burnouts . | . . . . . . Robots Hopped . | . . . . . . Cave-ins Triggered . | . . . . . . Exploration Rate (%) 21 | 8 31 16 41 22 8 Regions Visited 5 Branch Regions 1 Pre-discovered Areas 1 | . . . 1 . . Known Exits Taken . | . . . . . . Unknown Exits Taken 5 | 1 1 1 1 1 . Scrap Searched . | . . . . . . Spaces Dug . | . . . . . . Terrain Destroyed 2 | . . . . . 2 Melee . | . . . . . . Projectile 2 | . . . . . 2 AOE . | . . . . . . Terrain Rammed . | . . . . . . Walls Destroyed . | . . . . . . Machines Disabled . | . . . . . . Actions | -11 -10 -9 -9 -8 -7 --------- Run | Yrd Mat Mat Min Mat Fac Total 2212 | 153 424 254 499 369 513 Wait 433 | . 108 25 138 103 59 Move 1595 | 112 277 181 346 253 426 Hop . | . . . . . . Pick Up 42 | 12 11 4 3 2 10 Fast Attach 9 | 5 . 2 2 . . Attach 23 | 2 . 2 1 6 12 Detach . | . . . . . . Swap 17 | 3 7 5 . 1 1 Drop 21 | 3 8 6 3 1 . Fire 66 | 16 10 28 6 1 5 Melee . | . . . . . . Ram . | . . . . . . Kick 6 | . 3 1 . 2 . Crush . | . . . . . . Escape Stasis . | . . . . . . Rewire . | . . . . . . Trap . | . . . . . . Miscellaneous . | . . . . . . Route ------- -11/Scrapyard -10/Materials -9/Materials -9/Mines (discovered 3 exits: *Mat x2 / [*Exi]) -8/Materials -7/Factory History --------- Turn | Location | Event 13 | -11/Scrapyard | Discovered new exit (range 16) 179 | -11/Scrapyard | Entered Materials 309 | -10/Materials | Build established: Mutant 547 | -10/Materials | Discovered new exit (range 4) 712 | -10/Materials | Entered another Materials area 712 | -9/Materials | Evolved 2 slots: Propulsion x1, Utility x1 1034 | -9/Materials | Discovered new exit (range 16) 1052 | -9/Materials | Entered Mines 1093 | -9/Mines | Build established: Scavenger-Mutant 1109 | -9/Mines | Found a damaged Exp. Sensor Array with a note attached 1111 | -9/Mines | Found Prototype Device 1111 | -9/Mines | Identified Exp. Sensor Array 1543 | -9/Mines | Discovered new exit (range 6) 1554 | -9/Mines | Deemed a non-threat by the Exiles lab entrance 1555 | -9/Mines | Discovered new exit (range 5) 1569 | -9/Mines | Learned location of Storage (-8) 1600 | -9/Mines | Discovered new exit (range 14) 1629 | -9/Mines | Entered Materials 1629 | -8/Materials | Evolved 2 slots: Power x1, Utility x1 2033 | -8/Materials | Discovered new exit (range 14) 2052 | -8/Materials | Entered Factory 2052 | -7/Factory | Evolved 2 slots: Propulsion x1, Utility x1 2076 | -7/Factory | Lost 9 parts (3p3n2u1w) 2333 | -7/Factory | Build established: Mutant 2436 | -7/Factory | Lost 3 parts (1p1n1w) 2549 | -7/Factory | Core integrity fell below 50% 2556 | -7/Factory | Core integrity fell below 20% 2559 | -7/Factory | Destroyed by Y-54 Guardian with Flak Gun Last Messages --------------- Med. Laser destroyed. P-60 Hacker destroyed. Acquired Mic. Nuclear Core. Acquired Core Analyzer. Acquired Machine Analyzer. Lgt. Ion Engine destroyed. Matter Filter destroyed. Wheel destroyed. Mic. Nuclear Core destroyed. Slug penetrates Y-54 Guardian. Com. Battery destroyed. U-05 Engineer destroyed. Gauss Cannon destroyed. Exp. Sensor Array destroyed. Hvy. Laser destroyed. Imp. Treads destroyed. Mining Laser destroyed. Med. Treads destroyed. Adv. Weight Redist. System destroyed. Core Analyzer destroyed. Map ----- +----------------------------------------------------+ | ?????????????????????????????????????????????????? | | ?????????????????????????????????????????????????? | | ?????????????????????????????????????????????????? | | ?????????????????????????????????????????????????? | | ?????????????????????????????????????????????????? | | ?????????????????????????????????????????????????? | | ?????????????????????????????????????????????????? | | ?????????????????????????????????????????????????? | | ??????? ?????????????????????????????????????????? | | ??????? ?????????????????????????????????????????? | | ??????? ?????????????????????????????????????????? | | ??????? ?????????????????????????????????????????? | | ???????[?????????????????????????????????????????? | | ??????? ?????????????????????????????????????????? | | ??????? ?????????????????????????????????????????? | | ??????# #????????????????????????????????????????? | | ??????# #??????????????????????#?????????????????? | | ####### #????????????????????? #?????????????????? | | / # #???????????????????? #?????????????????? | | "" # #???????????????????? +?????????????????? | | "" # #??????????????????? #?????????????????? | | """ # #??????????????????# ##????????????????? | | """ # ################### %#????????????????? | | """ # Y #????????????????? | | + Y !! Y! ##???????????????? | | "" # Y @%* ;#???????????????? | | "" ### ##############+## %##???????????????? | | """ #?# #??# / #??####????????????????? | | """ #?# #??# #??????????????????????? | | """ #?# #??# """" *! /#??????????????????????? | | #?# #??# """" ! #??????????????????????? | | ?######?# #??# """" #??????????????????????? | | ????????# #??# """" !#??????????????????????? | | ????????# #??# #??????????????????????? | | ??????### #### """" #??????????????????????? | | ??????# ## """" " " #?????##############???? | | ??????# T ## """" "G" #?????# #???? | | ??????+ "" + """" """ #?????# " " #???? | | ??????# ## #?????# " " #???? | | ??????# ##+########## #?????# " " #???# | | ??????## ###??????????###?????# " " #???# | | ???????# ################?????# " " ##### | | ???????# # #?????# " " # ^ | | ???????# # #?????# " " # | | ???????# # """"""""" #?????# " " # | | ######## # ####### " " ""T"" # | | ## # / + """"" # | | ## + """T""" ####### # | | """" ## ####+########################+##### | | """" ## ##?# #?????# | +----------------------------------------------------+ Best States ------------- Heat Dissipation 38 Energy Generation 20 Energy Capacity 400 Matter Stores 300 Matter Capacity 300 Sight Range 16 Robot Scan Range 20 Terrain Scan Range 16 Terrain Scan Density 10 Additional Mass Support 9 Evasion (%) 55 Core Analysis 6 Recoil Reduction 2 Matter Filtering 30 Item Schematics ----------------- None Robot Schematics ------------------ None Fabricated ------------ Nothing Alien Tech Used ----------------- None Achievements -------------- None Challenges ------------ None Game ------ Seed PoweredDecoderTrap Manual? 0 Play Time 00:45:54 Cumulative 12.4 hours Start 2024.05.21 @ 12:41:43 End 2024.05.22 @ 13:42:54 Sessions 1 Manual Loads 0 Difficulty Rogue Special Mode None Game No. 18 Rogue 18 Adventurer 0 Explorer 0 Win Type - Total 0 Types 0/0/0/0/0/0/0/0/0 Lore% 11 Gallery% 12 Achievement% 12 Wizard Run 0 Options --------- Layout 1 ASCII 0 Keyboard 0 Movement Arrows Keybinds 0 Fullscreen 1 Font 16/Tamsyn Map View 25x20 Zoom Use 49% Tactical HUD 0 Map Filters NONE Filters NONE Steam SD RUN: 942e4042-c0f9-4156-9a1d-19604066cd71